 Dungeon Crawl Stone Soup version 0.26.1-11-gd32895ea62 (webtiles) character file.

Game seed: 7157458368474255015

25 ubername the Slasher (level 2, 0/27 HPs)
             Began as a Minotaur Monk on May 26, 2021.
             Slain by a goblin
             ... wielding a +0 dagger
              (4 damage)
             ... on level 1 of the Dungeon.
             The game lasted 00:01:01 (1150 turns).

ubername the Slasher (Minotaur Monk)                Turns: 1150, Time: 00:01:01

Health: 0/27       AC:  2    Str: 15    XL:     2   Next: 86%
Magic:  1/1        EV: 13    Int:  7    God:
Gold:   40         SH:  0    Dex: 12    Spells: 1/1 levels left

rFire    . . .     SeeInvis .   a - +0 falchion
rCold    . . .     Faith    .   (no shield)
rNeg     . . .     Spirit   .   b - +0 robe
rPois    .         Reflect  .   (helmet restricted)
rElec    .         Harm     .   (no cloak)
rCorr    .         Rampage  .   (no gloves)
Will     .....                  (no boots)
Stlth    ++........             (no amulet)
HPRegen  0.09/turn              (no ring)
MPRegen  0.07/turn              (no ring)

@: no status effects
A: retaliatory headbutt, horns 2
a: no special abilities


You were on level 1 of the Dungeon.
You visited 1 branch of the dungeon, and saw 2 of its levels.

You collected 40 gold pieces.

Inventory:

Hand Weapons
 a - a +0 falchion (weapon)
Armour
 b - a +0 robe (worn)
Scrolls
 c - a scroll of magic mapping {unknown}
 d - a scroll of teleportation {unknown}
Potions
 e - a potion of flight {unknown}


   Skills:
 + Level 4.1 Fighting
 + Level 4.1 Long Blades
 + Level 3.6 Dodging
 + Level 1.7 Stealth


You had one spell level left.
You didn't know any spells.
Your spell library was empty.

Dungeon Overview and Level Annotations

Branches:
Dungeon (2/15)

Altars:


Innate Abilities, Weirdness & Mutations

You reflexively headbutt those who attack you in melee.
You have a pair of horns on your head.


Message History

The goblin hits you with a +0 dagger.
* * * LOW HITPOINT WARNING * * *
The goblin hits you with a +0 dagger.
* * * LOW HITPOINT WARNING * * *
The howler monkey barely misses you.
You riposte.
You hit the howler monkey. You headbutt the howler monkey.
The howler monkey is heavily wounded.
There is a stone staircase leading up here.
The goblin hits you but does no damage. The howler monkey closely misses you.
You climb upwards.
There is a stone staircase leading down here.
You hit the goblin but do no damage. The howler monkey barely misses you.
The goblin hits you but does no damage.
You closely miss the goblin. The howler monkey barely misses you.
You riposte.
You hit the howler monkey.
The howler monkey is severely wounded.
The goblin hits you but does no damage.
The howler monkey hoots and howls with incredible vigour!
You hit the goblin but do no damage. The goblin hits you with a +0 dagger.
You die...

#.# #.....# #.....###...# #.#
#.....###............ #.#
#.....'.'....)....... #.#
#.....###.....#.##### #.#
#...........###...... #.#
#...........###.##### #.#
#......)....#........ #.#
#....h......#.#...... #.#
#..g@................
#.##########...........#.##...##
#.#..............#####.#.##...#
#.#.#######......# #.#.##...#
#.#.#######......# #.#.##...##
#................# #..........
###.######.......#######.#######
#.# #.............#........ #.#
#...#+#.#####.#........


You could see a howler monkey (catching breath) and a goblin.

Vanquished Creatures
  An adder (D:2)
  A dart slug (D:1)
  A bat (D:1)
  3 hobgoblins (D:1)
  2 frilled lizards (D:1)
  5 goblins (D:1)
  2 kobolds (D:1)
  A rat (D:1)
16 creatures vanquished.

Notes
Turn   | Place    | Note
-------+----------+-------------------------------------------
     0 | D:1      | ubername the Minotaur Monk began the quest for the Orb.
     0 | D:1      | Reached XP level 1. HP: 19/19 MP: 0/0
   399 | D:1      | Reached XP level 2. HP: 22/27 MP: 1/1
  1140 | D:2      | Noticed a howler monkey
  1150 | D:1      | Slain by a goblin

Illustrated notes

Levels and vault maps discovered:
D:1:      heliophobic_arrival_henge, layout_basic
D:2:      layout_basic, general_overflow_altar

Skill      XL: |  1  2 |
---------------+-------+-----
Fighting       | 4 |  4.1
Long Blades    | 4 |  4.1
Dodging        | |  3.6
Stealth        | |  1.7

Action                   || total
-------------------------++-------
Melee: Falchion          ||    35
       Headbutt          ||     5
 Stab: Sleeping          ||     2
Armor: Robe              ||     9
Dodge: Dodged            ||    26
       Rpst.: Falchion   ||     7
